cohdb
Replays
Latest Replays
All Replays
Popular Replays
Top Player Replays
Match Explorer
How It Works
Community
CoH3 Stats
Reddit
Sign in to upload your games and track your stats! →
Sign in with Steam
Match 45234880
Unlisted
Match 45234880
Overview
Messages
Build Orders
End
Kettenkrad Recon Vehicle
Construct Infanterie Kompanie
Selects Breakthrough Battlegroup
Selects Assault Grenadiers
Grenadier Squad
MG 42 Machine Gun Team
Grenadier Squad
Infanterie Officer Quarters
Kettenkrad Recon Vehicle
Selects Smoke Bombing Run
Construct Luftwaffe Kompanie
Medical Bunker
Flak 30 Anti-aircraft Gun Team
Smoke Bombing Run
Support Elements
Natto GohunV2
Butcher
HoGorGor
Veneno00
Minihumor
anioki
Sky Blues
n3
0
0
Comments
sign in to comment!
No comments posted yet!